 Dungeon Crawl Stone Soup version 0.30-a0-728-gc68057be0a (webtiles) character file.

Game seed: 16526269699899421610

17 testman the Shield-Bearer (level 2, 0/27 HPs)
             Began as a Minotaur Fighter on Jan 30, 2023.
             Killed by nerve-wracking pain
             ... invoked by Jessica
              (13 damage)
             ... on level 2 of the Dungeon.
             The game lasted 00:01:50 (311 turns).

testman the Shield-Bearer (Minotaur Fighter)         Turns: 311, Time: 00:01:51

Health: 0/27       AC:  6    Str: 20    XL:     2   Next: 44%
Magic:  1/1        EV:  9    Int:  5    God:
Gold:   39         SH:  4    Dex:  9    Spells: 1/1 levels left

rFire   . . .      SeeInvis .    a - +0 war axe
rCold   . . .      Faith    .    c - +0 buckler
rNeg    . . .      Spirit   .    b - +0 scale mail
rPois   .          Reflect  .    (helmet restricted)
rElec   .          Harm     .    (no cloak)
rCorr   .          Rampage  .    (no gloves)
Will    .....                    (no boots) Stlth
                                 (no amulet)
HPRegen 0.24/turn                (no ring)
MPRegen 0.07/turn                (no ring)

@: no status effects
A: horns 2, retaliatory headbutt
a: no special abilities


You were on level 2 of the Dungeon.
You visited 1 branch of the dungeon, and saw 2 of its levels.

You collected 39 gold pieces.

Inventory:

Hand Weapons
 a - a +0 war axe (weapon)
Missiles
 g - 5 silver javelins (quivered)
Armour
 b - a +0 scale mail (worn)
 c - a +0 buckler (worn)
Scrolls
 e - a scroll of poison {unknown}
 h - a scroll of enchant weapon {unknown}
 i - a scroll of vulnerability {unknown}
 j - a scroll of identify {unknown}
 k - a scroll of teleportation {unknown}
Potions
 d - a potion of might
 f - a potion of mutation {unknown}
 l - a potion of lignification {unknown}


   Skills:
 + Level 4.0 Fighting
 + Level 3.0 Axes
 - Level 3.6 Armour
 - Level 4.0 Shields


You had one spell level left.
You didn't know any spells.
Your spell library was empty.

Dungeon Overview and Level Annotations

Branches:
Dungeon (2/15)

Altars:

Annotations:
D:2 Jessica


Innate Abilities, Weirdness & Mutations

You have a pair of horns on your head.
You reflexively headbutt those who attack you in melee.


Message History

Things that are here:
a +0 club; a kobold corpse
Found a stone staircase leading up.
A hobgoblin comes into view.
An endoplasm comes into view.
Jessica the Apprentice Sorceress comes into view.
She is wielding a +0 dagger.
The endoplasm freezes you.
You are frozen.
You slash the endoplasm!
You kill the endoplasm!
Your Axes skill increases to level 3!
You closely miss the hobgoblin.
You headbutt the hobgoblin, but do no damage.
The hobgoblin closely misses you. You furiously retaliate!
You headbutt the hobgoblin. You block the hobgoblin's attack.
You barely miss the hobgoblin.
The hobgoblin is moderately wounded.
The hobgoblin hits you but does no damage.
You closely miss the hobgoblin.
The hobgoblin is moderately wounded.
You hit Jessica. You block the hobgoblin's attack.
Jessica gestures at you while chanting. Pain shoots through your body!
You are too injured to fight recklessly!
You are too injured to fight recklessly!
You are too injured to fight recklessly!
You are too injured to fight recklessly!
You barely miss Jessica.
Jessica is heavily wounded.
You completely miss the hobgoblin. The hobgoblin closely misses you.
You furiously retaliate!
You headbutt the hobgoblin!
You kill the hobgoblin!
You block Jessica's attack.
Jessica mumbles some strange words.
Jessica blinks!
Things that are here:
a +0 leather armour; 17 gold pieces; a hobgoblin corpse Jessica points at you and mumbles some strange words.
Pain shoots through your body!
You die...

.# .# # .# .# .##. ##
# .##.... ## #. .#....
.# #.#####....##. .#
#..##......... .#
#...#......... .#
#..@@...<.... #### ###
#.##.[....... †..# #.#
#.##......... ...###
#.####............
.....#
#.................
####.#
#...##............
#.###.###.....#...###.
#...).##..........#
#..#..........#.#.#


You could see Jessica.

Vanquished Creatures
  2 ball pythons (D:2)
  An endoplasm (D:2)
  A giant cockroach (D:2)
  2 goblins (D:2)
  2 hobgoblins (D:2)
  2 kobolds (D:2)
  2 quokkas (D:2)
  2 rats (D:2)
14 creatures vanquished.

Notes
Turn   | Place    | Note
-------+----------+-------------------------------------------
     0 | D:1      | testman the Minotaur Fighter began the quest for the Orb.
     0 | D:1      | Reached XP level 1. HP: 19/19 MP: 0/0
    63 | D:1      | You fall into a shaft and drop 1 floor!
   187 | D:2      | Reached XP level 2. HP: 26/27 MP: 1/1
   303 | D:2      | Noticed Jessica
   311 | D:2      | Killed from afar by Jessica

Illustrated notes

Levels and vault maps discovered:
D:1:      matt_arrival_refuge, layout_rooms, nicolae_figureground_pulse
D:2:      layout_rooms, uniq_crazy_yiuf_cottage, uniq_jessica

Skill      XL: |  1  2 |
---------------+-------+-----
Shields        | 4 |  4.0
Fighting       | 4 |  4.0
Axes           | 3 |  3.0
Armour         | |  3.6

Action                     || total
---------------------------++-------
  Melee: War axe           ||    29
         Headbutt          ||     7
 Armour: Scale mail        ||    11
  Dodge: Dodged            ||    10
  Block: Buckler           ||    10

Table legend: (Time is in decaauts)
 A = Elapsed time spent in this place.
 B = Non-inter-level travel time spent in this place.
 C = Inter-level travel time spent in this place.
 D = Time resting spent in this place.
 E = Time spent auto-exploring this place.
 F = Levels seen in this place.
 G = Mean time per level.
                   A        B        C        D        E       F      G
               +--------+--------+--------+--------+--------+-----+--------+
         Total |    322 |    322 |      0 |      0 |    224 |   2 |  161.0 |
       Dungeon |    322 |    322 |      0 |      0 |    224 |   2 |  161.0 |
               +--------+--------+--------+--------+--------+-----+--------+

Top non-repeatable levels by time:
     D:2: 259 daAuts
     D:1: 63 daAuts
